 Dungeon Crawl Stone Soup version 0.31-a0-986-g5e6e4ef867 (webtiles) character file.

Game seed: 637318601154499472

128 dialectric the Covered (level 4, -1/37 HPs)
             Began as a Demonspawn Fighter on Nov 3, 2023.
             Killed from afar by Ijyb (7 damage)
             ... with a puff of flame
             ... on level 3 of the Dungeon on Nov 4, 2023.
             The game lasted 00:03:28 (1644 turns).

dialectric the Covered (Demonspawn Fighter)         Turns: 1644, Time: 00:03:29

Health: -1/37      AC:  9    Str: 18    XL:     4   Next: 87%
Magic:  4/4        EV: 15    Int:  9    God:
Gold:   106        SH:  0    Dex: 13    Spells: 3/3 levels left

rFire   . . .        h - +2 dagger (freeze)
rCold   . . .        (no shield)
rNeg    . . .        b - +0 scale mail
rPois   +            r - +1 helmet
rElec   .            (no cloak)
rCorr   .            (no gloves)
SInv    .            (no boots)
Will    .....        (no amulet) Stlth
                     j - +5 ring of evasion
HPRegen 0.26/turn    f - ring of poison resistance
MPRegen 0.18/turn

%: no passive effects
@: brilliant
A: magic regeneration, demonic magic 1
a: no special abilities


You were on level 3 of the Dungeon.
You visited 1 branch of the dungeon, and saw 3 of its levels.

You collected 106 gold pieces.

Inventory:

Hand Weapons
 a - a +0 long sword
 h - a +2 dagger of freezing (weapon)
Armour
 b - a +0 scale mail (worn)
 c - a +0 buckler
 r - a +1 helmet (worn)
Jewellery
 f - a ring of poison resistance (right hand)
 j - a +5 ring of evasion (left hand)
Wands
 q - a wand of flame (31)
Scrolls
 i - a scroll of teleportation {unknown}
 m - a scroll of blinking {unknown}
 n - a scroll of immolation {unknown}
 o - a scroll of fog {unknown}
 p - a scroll of acquirement {unknown}
 s - a scroll of amnesia {unknown}
Potions
 d - 2 potions of might
 e - a potion of brilliance
 g - a potion of lignification {unknown}
 k - 2 potions of attraction {unknown}
 l - 2 potions of degeneration {unknown}


   Skills:
 + Level 3.7 Fighting
 + Level 1.7(2.2) Short Blades
 - Level 2.1(2.4) Long Blades
 + Level 3.7 Armour
 * Level 1.2 Dodging
 - Level 2.6 Shields


You had 3 spell levels left.
You didn't know any spells.
Your spell library was empty.

Dungeon Overview and Level Annotations

Branches:
Dungeon (3/15)

Altars:
Uskayaw

Shops:
D:2 *

Annotations:
D:3 Ijyb


Innate Abilities, Weirdness & Mutations

You regenerate magic rapidly.
Spells you cast may paralyse adjacent enemies.


Message History

Ijyb completely misses you.
You hit Ijyb but do no damage.
Ijyb is moderately wounded.
Ijyb hits you but does no damage.
You barely miss Ijyb.
Ijyb is moderately wounded.
You barely miss Ijyb.
Ijyb is moderately wounded.
Ijyb hits you with a +0 dagger.
You closely miss Ijyb.
Ijyb is moderately wounded.
Ijyb hits you with a +0 dagger.
You hit Ijyb but do no damage.
Ijyb is moderately wounded.
Ijyb hits you with a +0 dagger.
You are too injured to fight recklessly!
You are too injured to fight recklessly!
You are too injured to fight recklessly!
You are too injured to fight recklessly!
You are too injured to fight recklessly!
You are too injured to fight recklessly!
You are too injured to fight recklessly!
You are too injured to fight recklessly!
You are too injured to fight recklessly!
You are too injured to fight recklessly!
You hit Ijyb but do no damage.
Ijyb is moderately wounded.
Ijyb zaps a wand.
The puff of flame hits you!
* * * LOW HITPOINT WARNING * * *
You barely miss Ijyb.
Ijyb is moderately wounded.
Ijyb hits you but does no damage.
You hit Ijyb but do no damage.
Ijyb is moderately wounded.
Ijyb barely misses you.
Unknown command.
It was a potion of brilliance.
You feel clever all of a sudden.
Ijyb zaps a wand.
The puff of flame hits you!
You die...

#.# #......# #.#
#......# #.# #......#
#.# #......# ###.###
#......# #.....#
#$....[# #.#.#.######
#..g...###.#≈≈.....≈≈
#@# #.).#≈≈..≈≈..≈
#.###...#...≈..≈≈.
.##.###.#........≈.....≈
.........[........≈..≈≈.
###............≈≈..≈≈..≈
#......#....#≈≈.....≈≈
......#..#.....#...##...
###..###....[.###.#...##
#..# ##..###.#.###..##


You could see Ijyb.

Vanquished Creatures
  Terence (D:2)
  Robin (D:2)
  2 adders (D:2)
  2 worms (D:2)
  A dart slug (D:1)
  8 ball pythons
  5 endoplasms
  13 goblins
  7 hobgoblins
  3 jackals (D:1)
  6 quokkas
  3 bats
  2 frilled lizards
  2 kobolds (D:1)
  6 rats
62 creatures vanquished.

Notes
Turn   | Place    | Note
-------+----------+-------------------------------------------
     0 | D:1      | dialectric the Demonspawn Fighter began the quest for the
                  | Orb.
     0 | D:1      | Reached XP level 1. HP: 18/18 MP: 1/1
   207 | D:1      | Gained mutation: You regenerate magic rapidly. [demonic
                  | ancestry]
   207 | D:1      | Reached XP level 2. HP: 24/24 MP: 2/2
   502 | D:1      | Reached XP level 3. HP: 29/29 MP: 3/3
   729 | D:2      | Found Jaoxer's Assorted Antiques.
   807 | D:2      | Found a faded altar of an unknown god.
   888 | D:2      | Gained mutation: Spells you cast may paralyse adjacent
                  | enemies. [demonic ancestry]
   888 | D:2      | Reached XP level 4. HP: 35/35 MP: 4/4
  1127 | D:2      | Reached skill level 1 in Short Blades
  1197 | D:2      | Noticed Terence
  1213 | D:2      | Killed Terence
  1214 | D:2      | Reached skill level 1 in Dodging
  1497 | D:2      | Noticed Robin
  1516 | D:2      | Killed Robin
  1591 | D:3      | Found a hide-covered altar of Uskayaw.
  1626 | D:3      | Noticed Ijyb
  1644 | D:3      | Killed from afar by Ijyb

Illustrated notes

Levels and vault maps discovered:
D:1:      minmay_arrival_glassed_features, layout_basic
D:2:      layout_basic, ebering_ecumenical_altar_webs, serial_shops, shop,
          reono_crystal_passage, uniq_terence, uniq_robin
D:3:      layout_loops_cross, nicolae_uskayaw_suspiria, elyvilon_altar_4,
          nemelex_diamond_rough_becter, nicolae_eternal_life,
          uniq_crazy_yiuf_cottage, uniq_ijyb

Skill      XL: |  1  2  3  4 |
---------------+-------------+-----
Armour         | 3 |  3.7
Long Blades    | 2 |  2.1
Short Blades   | 1 |  1.7
Dodging        | 1 |  1.2
Fighting       | |  3.7
Shields        | |  2.6

Action                     |  1- 3 |  4- 6 || total
---------------------------+-------+-------++-------
  Melee: Long sword        |    22 |       ||    22
         Dagger            |    84 |    96 ||   180
         Punch             |       |     1 ||     1
    Use: Potion            |       |     2 ||     2
 Armour: Scale mail        |    60 |    44 ||   104
  Dodge: Dodged            |    48 |    64 ||   112

Table legend: (Time is in decaauts)
 A = Elapsed time spent in this place.
 B = Non-inter-level travel time spent in this place.
 C = Inter-level travel time spent in this place.
 D = Time resting spent in this place.
 E = Time spent auto-exploring this place.
 F = Levels seen in this place.
 G = Mean time per level.
                   A        B        C        D        E       F      G
               +--------+--------+--------+--------+--------+-----+--------+
         Total |   1634 |   1602 |     32 |      0 |   1142 |   3 |  544.7 |
       Dungeon |   1634 |   1602 |     32 |      0 |   1142 |   3 |  544.7 |
               +--------+--------+--------+--------+--------+-----+--------+

Top non-repeatable levels by time:
     D:2: 858 daAuts
     D:1: 709 daAuts
     D:3: 66 daAuts
